woodfighter, neutral female human Wizard ----------- |...%....*| |..^.....*| --- |....<...@[%..| |.........|-- | |.........| ----------- woodfighter the Thaumaturge Experience level: 9 Strength: 11 Dexterity: 11 Constitution: 15 Intelligence: 15 Wisdom: 19 Charisma: 11 Health: 0(67) Energy: 108(143) Def: 4 Gold: 0 Moves: 6330 Dungeon seed: aww38EDbulgcO5Qu Game ID: woodfighter_1448235223 Your Inventory: Amulets k - an uncursed amulet versus poison (being worn) Weapons a - a blessed +1 quarterstaff (weapon in hands) Armor e - an uncursed +0 cloak of magic resistance (being worn) n - an uncursed +0 mummy wrapping r - an uncursed +0 mummy wrapping O - an uncursed +0 leather armor (being worn) T - an uncursed +0 helmet (being worn) Comestibles w - an uncursed tripe ration B - 6 uncursed food rations U - 2 uncursed pizzas Z - an uncursed sprig of wolfsbane Scrolls f - an uncursed scroll of water Spellbooks h - an uncursed spellbook of detect unseen Rings G - an uncursed +2 ring of gain strength (on left hand) Wands b - a wand of locking (0:3) i - a wand of striking (0:6) u - a wand of cancellation (0:6) x - a wand of cold (0:5) H - a wand of magic missile (0:5) Tools c - an uncursed skeleton key d - an uncursed sack l - an uncursed oil lamp (lit) (0:357) s - an uncursed sack D - an uncursed magic whistle E - 11 uncursed tallow candles (0:200) K - an uncursed brass lantern (0:1431) N - a magic marker (0:35) R - 2 uncursed wax candles (0:400) V - a cursed tallow candle (0:200) X - an uncursed blindfold Gems g - an uncursed ruby q - an uncursed touchstone y - an uncursed diamond J - an uncursed luckstone Y - an uncursed amethyst stone Contents of the sack: a +0 pick-axe Spells and supernatural/magical abilities: Name Level Category Fail Memory a - force bolt 1 attack 3% 69% u - confuse monster 2 enchantment 3% 69% W - pray for help -- divine ? -- Your skills at the end: Miscellaneous Skills wands [Basic] Weapon Skills quarterstaff [Basic] Spellcasting Skills attack spells [Expert] enchantment spells [Basic] Final Attributes: You were devoutly aligned. You were fire resistant. You were poison resistant. You were magic-protected. You were fast. You were lucky. You had extra luck. Bad luck did not time out for you. Good luck did not time out for you. You are dead. Vanquished creatures: a vampire a wumpus a long worm a black naga a small mimic an ettin mummy a shocking sphere 2 tengu a crocodile a human mummy 2 leprechauns a mumak 2 gnome kings a dwarf mummy a dingo 2 housecats 3 dwarf lords a raven 2 bugbears 2 imps 8 Mordor orcs 11 Uruk-hai a rock mole a pony 11 gnome lords 3 gnomish wizards 2 kobold mummies 3 ghouls 2 paper golems 4 giant ants a little dog a kitten 21 dwarves a homunculus 3 iguanas 9 hill orcs 4 rothes 2 orc zombies a coyote 2 hobbits a large kobold 5 geckos a hobgoblin 5 cave spiders 59 gnomes 5 garter snakes a gnome zombie 3 jackals 3 foxes 4 newts a goblin a sewer rat 7 grid bugs 3 lichens 218 creatures vanquished. Voluntary challenges: You had been an atheist until turn 3437. You used a wielded weapon 96 times, starting on turn 115. You did not apply a unicorn horn. You read items or engraved 13 times, starting on turn 3495. You never genocided any monsters. You never polymorphed an object. You never changed form. You used no wishes. You never split a pudding. You wrote Elbereth's name 3 times, starting on turn 4863. You violated your moral code, losing 1 point of alignment, starting on turn 4836. Dungeon overview: The Dungeons of Doom: levels 1 to 3 Level 1 a fountain a long staircase Level 2 a general store stairs to The Gnomish Mines Level 3 The Gnomish Mines: levels 3 to 11 Level 3 stairs to The Dungeons of Doom Level 4 Level 5 Level 6 some shops, a temple to Thoth, a magic chest, some fountains Level 7 Level 8 Level 9 Level 10 Level 11 <- You were here History has recorded: On T:1 you entered the Dungeons of Doom to retrieve the Amulet of Yendor! On T:332 you reached level 2 of The Dungeons of Doom. On T:421 you reached level 1 of The Gnomish Mines. On T:453 you reached level 3 of The Dungeons of Doom. On T:748 you advanced to experience level 2. On T:772 you advanced to experience level 3. On T:1233 you reached level 3 of The Gnomish Mines. On T:1257 you advanced to experience level 4. On T:1259 you reached level 4 of The Gnomish Mines. On T:1425 you reached level 2 of The Gnomish Mines. On T:1427 you advanced to experience level 5. On T:1993 you advanced to experience level 6. On T:3340 you advanced to experience level 7. On T:3397 you entered the Minetown temple On T:3493 you opened a magic chest. On T:3496 you opened a magic chest. On T:3513 you opened a magic chest. On T:3950 you opened a magic chest. On T:3958 you opened a magic chest. On T:4029 you reached level 5 of The Gnomish Mines. On T:4088 you opened a magic chest. On T:4088 you opened a magic chest. On T:4139 you opened a magic chest. On T:4143 you opened a magic chest. On T:4411 you reached level 6 of The Gnomish Mines. On T:4662 you reached level 7 of The Gnomish Mines. On T:4695 you advanced to experience level 8. On T:5107 you opened a magic chest. On T:5469 you reached level 8 of The Gnomish Mines. On T:5664 you reached level 9 of The Gnomish Mines. On T:5664 you reached the bottom of the Mines. On T:6121 you opened a magic chest. On T:6327 you advanced to experience level 9. Score breakdown: Gold: 0 ( 0 points) Experience: 9 levels ( 800 points) Exploration: 11 levels ( 300 points) Discoveries: 15 items ( 750 points) Variety of kills: 54 monsters ( 2000 points) Major goal: reached Mine's End ( 1000 points) Survival: died (score multiplied by 3) Total score: 14550 Latest messages: You sold a dwarvish cloak for 25 gold pieces. You drop a dwarvish cloak. You sold a dwarvish cloak for 25 gold pieces. You drop a dwarvish cloak. You sold a dwarvish cloak for 25 gold pieces. You drop a dwarvish cloak. You sold a dwarvish cloak for 25 gold pieces. You have a little trouble lifting j - an uncursed purple-red potion. You have a little trouble lifting w - an uncursed ruby potion. You have a little trouble lifting B - a cursed steel ring. You have a little trouble lifting W - an uncursed iridium wand. You have a little trouble lifting u - an uncursed long wand. You have a little trouble lifting X - an uncursed blindfold. You have a little trouble lifting L - an uncursed key. You have a little trouble lifting l - an uncursed lamp. You have a little trouble lifting n - an uncursed black gem. The spell hits the shocking sphere! The shocking sphere explodes! You get blasted! You die... The sack is empty. The sack is empty. Final status: Goodbye woodfighter the Wizard, killed by a shocking sphere... You died in The Gnomish Mines on dungeon level 11 with 14550 points, and 0 pieces of gold, after 6330 moves. You were level 9 with a maximum of 67 hit points when you died.